 Dungeon Crawl Stone Soup version 0.30-a0-292-g0f741e3f8e (webtiles) character file.

Game seed: 967407732882695814

2015 Jackthecabe the Caller (level 9, -12/45 HPs)
             Began as a Gargoyle Earth Elementalist on Oct 18, 2022.
             Was a Follower of Vehumet.
             Killed from afar by a steam dragon (19 damage)
             ... with a ball of steam
             ... on level 7 of the Dungeon.
             The game lasted 00:15:25 (10209 turns).

Jackthecabe the Caller (GrEE)                      Turns: 10209, Time: 00:15:25

Health: -12/45     AC: 11    Str: 11    XL:     9   Next: 22%
Magic:  3/15       EV: 11    Int: 24    God:    Vehumet [*.....]
Gold:   513        SH:  0    Dex:  9    Spells: 7/16 levels left

rFire   . . .      SeeInvis .    h - +2 dagger (venom)
rCold   . . .      Faith    .    (no shield)
rNeg    + . .      Spirit   .    a - +0 robe
rPois   ∞          Reflect  .    g - +0 helmet
rElec   +          Harm     .    (no cloak)
rCorr   .          Rampage  .    (no gloves)
Will    .....                    (no boots)
Stlth   ++........               (no amulet)
HPRegen 0.27/turn                (no ring)
MPRegen 0.14/turn                (no ring)

@: unable to read
A: sickness immunity, AC +6, negative energy resistance 1, electricity
resistance, torment resistance 1, petrification resistance, iridescent scales 1,
clever 1, inability to read after injury 1
a: Renounce Religion


You were on level 7 of the Dungeon.
You worshipped Vehumet.
Vehumet was aware of your devotion.
You visited 2 branches of the dungeon, and saw 8 of its levels.
You also visited: Ossuary.

You collected 513 gold pieces.


Innate Abilities, Weirdness & Mutations

You are immune to sickness and miasma.
Your stone body is resilient. (AC +6)
You are immune to poison.
You resist negative energy. (rN+)
You are resistant to electric shocks. (rElec)
You are resistant to unholy torment.
You are immune to petrification.
You are partially covered in iridescent scales. (AC +2)
Your mind is acute. (Int +4, Str/Dex -1)
You occasionally lose the ability to read scrolls when taking damage.


   Skills:
 - Level 1.5 Dodging
 - Level 2.1 Stealth
 - Level 4.0 Spellcasting
 - Level 4.0 Conjurations
 + Level 7.8 Summonings
 + Level 3.7 Translocations
 - Level 0.7 Transmutations
 - Level 6.0 Earth Magic


You had 7 spell levels left.
You knew the following spells:

 Your Spells              Type           Power      Damage    Failure   Level
f - Summon Forest         Summ/Tloc      16%        N/A       26%         5
w - Stone Arrow           Conj/Erth      56%        3d10      3%          3
z - Sandblast             Erth           66%        2d15      1%          1

Your spell library contained the following spells:

 Spells                   Type           Power      Damage    Failure   Level
 Freeze                   Ice            16%        1d4       10%         1
 Passwall                 Tmut/Erth      16%        N/A       3%          2
 Petrify                  Tmut/Erth      20%        N/A       24%         4
 Summon Hydra             Summ           21%        N/A       97%         7
 Eringya's Noxious Bog    Tmut/Pois      3%         N/A       100%        6

Inventory:

Hand Weapons
 c - a +0 rapier
 h - a +2 dagger of venom (weapon)
Armour
 a - a +0 robe (worn)
 g - a +0 helmet (worn)
 p - a +0 cloak
 q - a +0 pair of gloves
 s - a +0 buckler
Magical Staves
 I - a staff of poison {!a}
Jewellery
 D - an amulet of faith {!P}
 E - an amulet of magic regeneration
Wands
 n - a wand of flame (20)
 y - a wand of roots (3)
Scrolls
 d - 2 scrolls of poison {unknown}
 e - 3 scrolls of blinking {unknown}
 i - 5 scrolls of identify {unknown}
 j - 5 scrolls of teleportation {unknown}
 k - 3 scrolls of enchant armour {unknown}
 l - a scroll of magic mapping {unknown}
 o - a scroll of brand weapon {unknown}
 t - 3 scrolls of noise {unknown}
 C - a scroll of vulnerability {unknown}
 H - a scroll of summoning
Potions
 b - 3 potions of magic
 f - 4 potions of curing {unknown}
 m - a potion of mutation
 r - a potion of cancellation {unknown}
 u - 2 potions of degeneration {unknown}
 v - 4 potions of might {unknown}
 w - a potion of berserk rage {unknown}
 x - 3 potions of brilliance {unknown}
 z - a potion of invisibility {unknown}
 A - 2 potions of attraction {unknown}
 B - a potion of flight {unknown}
 G - a potion of lignification {unknown}
Miscellaneous
 F - a condenser vane

Dungeon Overview and Level Annotations

Branches:
Dungeon (7/15)             Temple (1/1) D:5         Ossuary (visited)

Altars:
Ashenzari
Cheibriados
Dithmenos
Gozag
Kikubaaqudgha
Makhleb
Nemelex Xobeh
Okawaru
Ru
Sif Muna
Trog
Uskayaw
Vehumet
Xom
Yredelemnul
Zin
The Shining One

Shops:
D:4 (

Annotations:
D:4 1 runed translucent door, Ekaitz's ghost, amateur DsFE

#.# . #.# #.#
##############
#.#
#W§...WD.§.D§#
#.#
#.##########§#
..# #§# #.#
.§###D# #§#
#....W# #§#
h###.5.# #@#
#.D##..# #...#
#yF#5.# #.....
#.#..# #....##
#.#.. ......
5#... #####.##
#..#. .# .#


There were no monsters in sight!


Message History

Unknown command.
Found a fuming white potion.
You are engulfed in a cloud of scalding steam.
The steam dragon breathes steam at you.
The ball of steam hits you but does no damage.
You are engulfed in a cloud of scalding steam.
* * * LOW HITPOINT WARNING * * *
A phantom comes into view.
You are engulfed in a cloud of scalding steam.
A shadow imp comes into view.
The steam dragon breathes steam at you. The ball of steam misses you.
You hear a shout!
The steam dragon breathes steam at you. The ball of steam hits you!
You feel threatened and lose the ability to read scrolls!
* * * LOW HITPOINT WARNING * * *
You hear an angry buzzing noise.
You hear a shout!
You are engulfed in a cloud of scalding steam.
Really walk into that cloud of steam? [Y]es or [N]o only, please.
Really walk into that cloud of steam?
Okay, then.
The phantom is engulfed in a cloud of scalding steam.
The steam dragon breathes steam at you. The ball of steam hits you!
* * * LOW HITPOINT WARNING * * *
The steam dragon breathes steam at you. The ball of steam hits you!!
You die...

Skill      XL: |  1  2  3  4  5  6  7  8  9 |
---------------+----------------------------+-----
Earth Magic    | 4 5 6 |  6.0
Conjurations   | 1 2 4 |  4.0
Spellcasting   | 3 4 |  4.0
Summonings     | 1 4 7 |  7.8
Translocations | 2 3 |  3.7
Dodging        | |  1.5
Stealth        | |  2.1
Transmutations | |  0.7

Action                   |  1- 3 |  4- 6 |  7- 9 || total
-------------------------+-------+-------+-------++-------
Melee: Rapier            |     7 |       |       ||     7
       Dagger            |     8 |    50 |   259 ||   317
       Punch             |       |       |     2 ||     2
 Cast: Sandblast         |    48 |    38 |       ||    86
       Stone Arrow       |       |    22 |   125 ||   147
  Use: Potion            |       |     2 |     3 ||     5
Armor: Robe              |     8 |    29 |   115 ||   152
Dodge: Dodged            |    13 |    38 |   139 ||   190

Levels and vault maps discovered:
D:1:      dpeg_arrival_morbid_curiosity, layout_loops_ring,
          minmay_misc_feat_pillars
D:2:      layout_basic
D:3:      layout_basic, nicolae_ru_awakened_eye, eino_curves_02,
          dk_noncrumbling_3, minivault_23, st_stairs_1
D:4:      minmay_goblin_kobold_castle, layout_basic,
          nicolae_uskayaw_murder_on_the_dancefloor, okawaru_gym_becter,
          gammafunk_ghost_grave, enter_ossuary_4, kennysheep_cross_bottleneck,
          chequers_serial_rivers_micro_e, nicolae_shop_firing_range
D:5:      minmay_octagon_keep, layout_cave_pools, amcnicky_altar_gilded,
          minmay_temple_entry_proselytizer
D:6:      layout_basic, marbit_many_paths
D:7:      layout_loops_ring, grunt_temple_overflow_open,
          biasface_ghost_orc_armoury, hangedman_abyss_or_decor_passed,
          minmay_alternating_orb, uniq_joseph
Temple:   eino_temple_lava

Notes
Turn   | Place    | Note
-------+----------+-------------------------------------------
     0 | D:1      | Jackthecabe the Gargoyle Earth Elementalist began the quest
                  | for the Orb.
     0 | D:1      | Reached XP level 1. HP: 10/10 MP: 3/3
    81 | D:1      | Reached XP level 2. HP: 9/15 MP: 0/5
   160 | D:1      | Reached skill level 4 in Earth Magic
   437 | D:1      | Reached XP level 3. HP: 19/19 MP: 4/6
   441 | D:1      | Learned a level 3 spell: Stone Arrow
  1116 | D:2      | Reached skill level 1 in Conjurations
  1374 | D:2      | Reached XP level 4. HP: 24/24 MP: 4/8
  1481 | D:2      | Reached skill level 3 in Spellcasting
  2105 | D:3      | Noticed an ogre
  2255 | D:3      | Noticed a bullfrog
  2520 | D:3      | HP: 2/24 [hound (3)]
  2521 | D:3      | Gained mutation: Your mind is acute. (Int +4, Str/Dex -1)
                  | [potion of mutation]
  2521 | D:3      | Gained mutation: You are partially covered in iridescent
                  | scales. (AC +2) [potion of mutation]
  2521 | D:3      | Gained mutation: You occasionally lose the ability to read
                  | scrolls when taking damage. [potion of mutation]
  2529 | D:3      | Reached skill level 2 in Conjurations
  2529 | D:3      | Reached skill level 5 in Earth Magic
  2529 | D:3      | Reached XP level 5. HP: 21/28 MP: 9/9
  2937 | D:3      | Reached XP level 6. HP: 32/32 MP: 8/11
  3091 | D:3      | Reached skill level 3 in Conjurations
  3343 | D:3      | Reached skill level 4 in Spellcasting
  3343 | D:3      | Reached skill level 6 in Earth Magic
  3511 | D:3      | Found a sacrificial altar of Ru.
  3925 | D:4      | Found a hide-covered altar of Uskayaw.
  4021 | D:4      | Found an iron altar of Okawaru.
  4151 | D:4      | Found Iritio Keabb's Firing Range.
  4165 | D:4      | Found a sand-covered staircase.
  4203 | Ossuary  | Entered an ossuary
  4323 | Ossuary  | Reached skill level 4 in Conjurations
  4323 | Ossuary  | Reached skill level 1 in Summonings
  4323 | Ossuary  | Reached XP level 7. HP: 35/36 MP: 1/13
  4522 | Ossuary  | Reached skill level 2 in Summonings
  4621 | Ossuary  | Reached skill level 3 in Summonings
  5435 | D:4      | Found a runed translucent door.
  5435 | D:4      | Noticed Ekaitz's ghost (amateur DsFE)
  5674 | D:4      | Reached skill level 4 in Summonings
  7213 | D:5      | Entered Level 5 of the Dungeon
  7213 | D:5      | Found a staircase to the Ecumenical Temple.
  7218 | D:5      | Reached XP level 8. HP: 41/41 MP: 10/14
  7220 | D:5      | Reached skill level 5 in Summonings
  7224 | Temple   | Entered the Ecumenical Temple
  7354 | Temple   | Became a worshipper of Vehumet
  7470 | D:5      | Found a basalt altar of Yredelemnul.
  7813 | D:5      | Reached skill level 6 in Summonings
  8340 | D:5      | Learned a level 5 spell: Summon Forest
  8634 | D:6      | HP: 1/41 [ice beast (6)]
  8650 | D:6      | HP: 2/41 [orc priest/divine providence (11)]
  8665 | D:5      | Reached skill level 7 in Summonings
  8665 | D:5      | Reached skill level 1 in Translocations
  9004 | D:6      | Reached skill level 2 in Translocations
  9011 | D:6      | Reached * piety under Vehumet
  9011 | D:6      | Offered knowledge of Freeze by Vehumet.
  9333 | D:6      | Reached XP level 9. HP: 45/45 MP: 11/15
  9429 | D:6      | Found a glowing golden altar of the Shining One.
  9501 | D:6      | Identified the +2 rapier "Qijebopn" {freeze, Dex+6}
  9695 | D:7      | Found a sparkling altar of Nemelex Xobeh.
  9695 | D:7      | Found a glowing silver altar of Zin.
  9708 | D:7      | Reached skill level 3 in Translocations
 10181 | D:7      | Noticed a hornet
 10209 | D:7      | Killed from afar by a steam dragon

Vanquished Creatures
  An ice beast (D:5)
  A black bear (D:6)
  2 ogres
  3 scorpions
  3 bullfrogs
  4 water moccasin zombies (Ossuary)
  5 wights
  A jelly (D:5)
  3 orc priests
  4 hounds
  4 iguanas
  3 orc wizards
  2 mummies (Ossuary)
  9 adders
  9 gnolls
  A shadow imp (D:5)
  4 adder zombies (Ossuary)
  4 worms
  22 orcs
  3 endoplasms
  A giant cockroach (D:1)
  6 gnoll zombies (Ossuary)
  35 goblins
  29 hobgoblins
  6 jackals
  14 kobolds
  A quokka (D:1)
  4 ball pythons
  6 bats
  A frilled lizard (D:1)
  A goblin zombie (D:4)
  4 hobgoblin zombies (Ossuary)
  3 kobold zombies (Ossuary)
  6 orc zombies (Ossuary)
  6 rats
  A rat zombie (D:4)
212 creatures vanquished.

Vanquished Creatures (others)
  2 withered plants (D:4)
2 creatures vanquished.

Grand Total: 214 creatures vanquished

Table legend: (Time is in decaauts)
 A = Elapsed time spent in this place.
 B = Non-inter-level travel time spent in this place.
 C = Inter-level travel time spent in this place.
 D = Time resting spent in this place.
 E = Time spent auto-exploring this place.
 F = Levels seen in this place.
 G = Mean time per level.
                   A        B        C        D        E       F      G
               +--------+--------+--------+--------+--------+-----+--------+
         Total |  10263 |  10092 |    171 |   1076 |   7390 |   9 | 1140.3 |
       Dungeon |   9355 |   9184 |    171 |    832 |   6956 |   7 | 1336.4 |
        Temple |    139 |    139 |      0 |      0 |    105 |   1 |  139.0 |
       Ossuary |    768 |    768 |      0 |    244 |    329 |   1 |  768.0 |
               +--------+--------+--------+--------+--------+-----+--------+

Top non-repeatable levels by time:
     D:4: 2860 daAuts
     D:3: 1624 daAuts
     D:5: 1268 daAuts
     D:6: 1074 daAuts
     D:2: 1012 daAuts
     D:1: 1000 daAuts
 Ossuary: 768 daAuts
     D:7: 513 daAuts
  Temple: 139 daAuts

Table legend:
 A = Non-vault XP
 B = Vault XP
 C = Vault XP percentage of total XP
 D = Non-vault monster count
 E = Vault monster count
 F = Vault count percentage of total count
                 A         B        C        D         E       F
            +---------+---------+-------+---------+---------+-------
      Total |    1778 |    1101 |  38.2 |     109 |     103 |  48.6
            +---------+---------+-------+---------+---------+-------
        D:1 |      56 |      10 |  15.2 |      26 |       5 |  16.1
        D:2 |      57 |       0 |   0.0 |      16 |       0 |   0.0
        D:3 |     338 |      17 |   4.8 |      18 |       3 |  14.3
        D:4 |     165 |     145 |  46.8 |      12 |      56 |  82.4
        D:5 |     343 |     435 |  55.9 |       9 |       8 |  47.1
        D:6 |     391 |      88 |  18.4 |      14 |       2 |  12.5
        D:7 |     428 |       0 |   0.0 |      14 |       0 |   0.0
    Ossuary |       0 |     406 | 100.0 |       0 |      29 | 100.0
            +---------+---------+-------+---------+---------+-------
